 Dungeon Crawl Stone Soup version 0.29-a0-542-g075992c915 (webtiles) character file.

Game seed: 9955192882241279992

3425 bande the Quickloader (level 10, -3/77 HPs)
             Began as a Gnoll Wanderer on June 5, 2022.
             Was a Priest of Okawaru.
             Slain by an unseen horror (4 damage)
             ... on level 8 of the Dungeon.
             The game lasted 00:15:51 (8615 turns).

bande the Quickloader (Gnoll Wanderer)              Turns: 8615, Time: 00:15:51

Health: -3/77      AC: 18    Str: 19    XL:     10   Next: 5%
Magic:  17/17      EV:  8    Int: 13    God:    Okawaru [***...]
Gold:   146        SH:  5    Dex: 17    Spells: 18/18 levels left

rFire   + . .      SeeInvis .   c - +7 great sword of Dithmenos, Cursing {flame, rElec rF+}
rCold   + . .      Faith    .   (shield currently unavailable)
rNeg    + . .      Spirit   .   H - +0 plate armour
rPois   +          Reflect  +   p - +1 helmet
rElec   +          Harm     .   y - +2 cloak {rCorr}
rCorr   +          Rampage  .   (no gloves)
Will    .....                   g - +0 pair of boots
Stlth   ..........              A - amulet of reflection
HPRegen 0.22/turn               w - ring of Morality {rPois rC+ rN+ Str+4}
MPRegen 0.15/turn               f - +6 ring of dexterity

@: no status effects
A: fangs 1, strong nose, distributed training
a: Renounce Religion, Heroism


You were on level 8 of the Dungeon.
You worshipped Okawaru.
Okawaru was most pleased with you.
You visited 2 branches of the dungeon, and saw 9 of its levels.

You collected 374 gold pieces.
You spent 228 gold pieces at shops.

Inventory:

Hand Weapons
 a - a +2 hand crossbow
 b - a +0 shortbow
 c - the +7 great sword of Dithmenos, Cursing (weapon) {flame, rElec rF+}
   (You found it on level 4 of the Dungeon)

   It burns those it strikes, dealing additional fire damage.
   Big, fiery blades are also staple armaments of hydra-hunters.
   rF:        It protects you from fire.
   rElec:     It insulates you from electricity.
 e - a +4 spear
 i - a +1 war axe
 o - a +2 falchion of draining
Armour
 g - a +0 pair of boots (worn)
 p - a +1 helmet (worn)
 y - a +2 cloak of preservation (worn)
 z - the +2 cloak "Delous" {rElec rCorr Str-3 Stlth+}
   (You bought it in a shop on level 6 of the Dungeon)

   Str:       It affects your strength (-3).
   rElec:     It insulates you from electricity.
   rCorr:     It protects you from acid and corrosion.
   Stlth:     It makes you more stealthy.
 H - a +0 plate armour (worn)
Jewellery
 f - a +6 ring of dexterity (right hand)
 q - a ring of flight
 v - a ring of fire
 w - the ring of Morality (left hand) {rPois rC+ rN+ Str+4}
   (You found it on level 5 of the Dungeon)

   [ring of positive energy]

   Str:       It affects your strength (+4).
   rC:        It protects you from cold.
   rPois:     It protects you from poison.
   rN:        It protects you from negative energy.
 A - an amulet of reflection (around neck)
Wands
 s - a wand of iceblast (15)
 u - a wand of acid (12)
 x - a wand of flame (11)
Scrolls
 l - a scroll of magic mapping
 r - 6 scrolls of identify
 t - 2 scrolls of amnesia
 D - a scroll of fear {unknown}
 E - a scroll of fog
Potions
 d - a potion of berserk rage
 j - 2 potions of brilliance
 k - 2 potions of flight
 m - 3 potions of curing
 B - a potion of resistance
 C - a potion of mutation {unknown}
 F - a potion of magic {unknown}
 G - a potion of invisibility {unknown}


   Skills:
 + Level 6.7 Fighting
 + Level 4.9 Short Blades
 + Level 4.9 Long Blades
 + Level 4.9 Axes
 + Level 4.9 Maces & Flails
 + Level 4.9 Polearms
 + Level 4.9 Staves
 + Level 4.9 Slings
 + Level 5.6 Bows
 + Level 9.9 Crossbows
 + Level 4.9 Throwing
 + Level 4.9 Armour
 + Level 4.9 Dodging
 + Level 7.8 Stealth
 + Level 4.9 Shields
 + Level 4.9 Unarmed Combat
 + Level 4.9 Spellcasting
 + Level 4.0 Conjurations
 + Level 4.0 Hexes
 + Level 4.0 Summonings
 + Level 4.0 Necromancy
 + Level 4.0 Translocations
 + Level 4.0 Transmutations
 + Level 4.0 Fire Magic
 + Level 4.0 Ice Magic
 + Level 4.0 Air Magic
 + Level 4.0 Earth Magic
 + Level 4.0 Poison Magic
 + Level 5.3 Invocations
 + Level 4.9 Evocations


You had 18 spell levels left.
You didn't know any spells.
Your spell library contained the following spells:

 Spells                   Type           Power      Damage    Failure   Level
 Apportation              Tloc           26%        N/A       71%         1
 Necrotize                Necr           52%        1d6       71%         1
 Static Discharge         Conj/Air       13%        N/A       85%         2
 Sublimation of Blood     Necr           13%        N/A       85%         2
 Cause Fear               Hex            6%         N/A       100%        4
 Petrify                  Tmut/Erth      13%        N/A       100%        4
 Irradiate                Conj/Tmut      6%         3d15      100%        5
 Lightning Bolt           Conj/Air       6%         1d18      100%        5
 Dragon Form              Tmut           6%         N/A       100%        7
 Maxwell's Capacitive Co  Air            6%         ∞         100%        8
 Summon Small Mammal      Summ           Unusable   N/A       N/A         1
 Dragon's Call            Summ           Unusable   N/A       N/A         9

Dungeon Overview and Level Annotations

Branches:
Dungeon (8/15)             Temple (1/1) D:4
   Lair: D:8-11

Altars:
Ashenzari
Dithmenos
Elyvilon
Gozag
Okawaru
Uskayaw
Vehumet
Wu Jian
The Shining One

Shops:
D:2 :   D:6 [


Innate Abilities, Weirdness & Mutations

You have very sharp teeth.
Your uncanny sense of smell can sniff out nearby items.
Your experience applies equally to all skills.


Message History

* * * LOW HITPOINT WARNING * * *
Something hits you but does no damage.
You are confused.
You feel invigorated. Something hits you but does no damage.
Something hits you.
* * * LOW HITPOINT WARNING * * *
You hit something. You burn something.
Something hits you but does no damage. x2
You miss something. Something completely misses you.
Something hits you but does no damage.
You miss something.
You feel less invigorated.
You feel less confused. Something hits you but does no damage.
Something hits you. Something hits you. Something hits you but does no damage.
Something hits you. Something hits you but does no damage.
You block something's attack. Something hits you but does no damage.
You see here a +0 helmet.
Something hits you. x2
* * * LOW HITPOINT WARNING * * *
Something hits you but does no damage.
Something hits you but does no damage. x2
Something hits you but does no damage. x2
Something hits you.
* * * LOW HITPOINT WARNING * * *
Something hits you.
* * * LOW HITPOINT WARNING * * *
Something hits you.
* * * LOW HITPOINT WARNING * * *
Something hits you but does no damage.
You barely miss something. Something hits you but does no damage.
Something hits you.
* * * LOW HITPOINT WARNING * * *
Something hits you but does no damage.
You hit something. You burn something.
Something hits you but does no damage. x2
Something hits you!
* * * LOW HITPOINT WARNING * * *
Something hits you.
You die...

##### #####
#########...######...##
###[..##.....#≈#...#....#
##.......@....≈.#≈.≈#.≈≈.#
##..########...≈.#≈.≈#≈≈...
##...# ##..♣.≈≈..♣≈.≈..
######)..## ##.≈≈≈≈#≈.≈≈≈.#
.........# #.≈.≈..≈≈≈.≈##
...)....## ##≈.≈≈.)≈≈.≈#.
##.###### ####≈≈≈≈♣≈≈)>≈..
#(# # ###...≈≈≈♣.≈.#.≈.[
#..
##..######.................


There were no monsters in sight!

Vanquished Creatures
  A centaur warrior (D:8)
  A manticore (D:8)
  A cyclops (D:8)
  A troll (D:8)
  A wind drake (shapeshifter) (D:8)
  A yak (D:7)
  The ghost of sammy202020 the Skirmisher, an amateur DsBe of Trog (D:4)
  An orc warrior (D:7)
  An ice beast (D:5)
  2 sky beasts
  3 centaurs
  A bullfrog (D:7)
  A gnoll sergeant (D:8)
  3 necrophages
  A scorpion (D:5)
  2 howler monkeys (D:8)
  Crazy Yiuf (D:5)
  3 hounds
  An orc priest (D:4)
  3 orc wizards
  Robin (D:2)
  3 adders
  A white imp (D:7)
  An ufetubus (D:5)
  5 worms
  A dart slug (D:1)
  12 orcs
  7 endoplasms
  19 goblins
  9 hobgoblins
  5 quokkas
  4 ball pythons
  5 bats
  3 frilled lizards
  9 kobolds
  5 rats
120 creatures vanquished.

Vanquished Creatures (others)
  5 plants (D:8)
5 creatures vanquished.

Grand Total: 125 creatures vanquished

Notes
Turn   | Place    | Note
-------+----------+-------------------------------------------
     0 | D:1      | bande the Gnoll Wanderer began the quest for the Orb.
     0 | D:1      | bande set off with the following items: a +2 hand crossbow,
                  | a +0 shortbow, a +0 helmet, a potion of berserk rage, a +0
                  | leather armour
     0 | D:1      | Reached XP level 1. HP: 20/20 MP: 1/1
   192 | D:1      | Reached XP level 2. HP: 26/26 MP: 2/2
   603 | D:1      | Reached XP level 3. HP: 31/31 MP: 3/3
  1166 | D:2      | Found Ypuc's Book Shop.
  1320 | D:2      | Reached skill level 1 in Invocations
  1417 | D:2      | Found a faded altar of an unknown god.
  1455 | D:2      | Noticed Robin
  1464 | D:2      | Reached skill level 1 in Short Blades
  1464 | D:2      | Reached skill level 1 in Long Blades
  1464 | D:2      | Reached skill level 1 in Axes
  1464 | D:2      | Reached skill level 1 in Maces & Flails
  1464 | D:2      | Reached skill level 1 in Polearms
  1464 | D:2      | Reached skill level 1 in Staves
  1464 | D:2      | Reached skill level 1 in Slings
  1464 | D:2      | Reached skill level 1 in Throwing
  1464 | D:2      | Reached skill level 1 in Armour
  1464 | D:2      | Reached skill level 1 in Dodging
  1464 | D:2      | Reached skill level 1 in Shields
  1464 | D:2      | Reached skill level 1 in Unarmed Combat
  1464 | D:2      | Reached skill level 1 in Spellcasting
  1464 | D:2      | Reached skill level 1 in Evocations
  1472 | D:2      | Killed Robin
  1473 | D:2      | Reached XP level 4. HP: 24/33 MP: 5/5
  2441 | D:3      | Reached skill level 1 in Conjurations
  2441 | D:3      | Reached skill level 1 in Hexes
  2441 | D:3      | Reached skill level 1 in Summonings
  2441 | D:3      | Reached skill level 1 in Necromancy
  2441 | D:3      | Reached skill level 1 in Translocations
  2441 | D:3      | Reached skill level 1 in Transmutations
  2441 | D:3      | Reached skill level 1 in Fire Magic
  2441 | D:3      | Reached skill level 1 in Ice Magic
  2441 | D:3      | Reached skill level 1 in Air Magic
  2441 | D:3      | Reached skill level 1 in Earth Magic
  2441 | D:3      | Reached skill level 1 in Poison Magic
  2924 | D:4      | Found a staircase to the Ecumenical Temple.
  2945 | Temple   | Entered the Ecumenical Temple
  3026 | Temple   | Became a worshipper of Warmaster Okawaru
  3102 | D:4      | Noticed sammy202020's ghost (amateur DsBe)
  3109 | D:4      | Found a runed translucent gate.
  3109 | D:4      | Found a runed translucent gate.
  3109 | D:4      | Found a runed translucent gate.
  3154 | D:4      | Reached XP level 5. HP: 41/41 MP: 6/6
  3556 | D:4      | Identified the +7 great sword of Dithmenos, Cursing {flame,
                  | rElec rF+}
  3923 | D:4      | Killed sammy202020's ghost
  3923 | D:4      | Reached * piety under Okawaru
  3924 | D:4      | Reached skill level 5 in Fighting
  3924 | D:4      | Reached XP level 6. HP: 22/51 MP: 7/9
  4134 | D:5      | Entered Level 5 of the Dungeon
  4157 | D:5      | Noticed a sky beast
  4166 | D:5      | Killed a sky beast
  4167 | D:5      | Reached XP level 7. HP: 53/56 MP: 10/10
  4849 | D:5      | Identified the ring of Morality {rPois rC+ rN+ Str+4}
  4952 | D:5      | Found a runed translucent door.
  4953 | D:5      | Noticed Crazy Yiuf
  5103 | D:5      | Killed Crazy Yiuf
  5104 | D:5      | Reached skill level 9 in Crossbows
  5601 | D:6      | Found Pulam's Antique Armour Shoppe.
  5605 | D:6      | Bought an ancient cloak for 228 gold pieces
  5605 | D:6      | Identified the +2 cloak "Delous" {rElec rCorr Str-3 Stlth+}
                  | (You bought it in a shop on level 6 of the Dungeon)
  6024 | D:6      | Reached XP level 8. HP: 52/63 MP: 12/12
  6590 | D:7      | Found a flagged portal.
  7059 | D:7      | Reached ** piety under Okawaru
  7508 | D:8      | Noticed a yak
  7508 | D:8      | Noticed a manticore
  7601 | D:7      | Killed a yak
  7834 | D:8      | Killed a manticore
  7835 | D:8      | Reached XP level 9. HP: 12/69 MP: 13/15
  7848 | D:8      | Noticed a troll
  7862 | D:8      | Killed a troll
  7862 | D:8      | Reached *** piety under Okawaru
  8367 | D:8      | Reached skill level 5 in Bows
  8373 | D:8      | Noticed a wind drake
  8373 | D:8      | a redback changed into a wind drake
  8381 | D:8      | Killed a wind drake
  8541 | D:8      | Noticed a centaur warrior
  8545 | D:8      | Killed a centaur warrior
  8546 | D:8      | Reached skill level 5 in Invocations
  8565 | D:8      | Noticed a cyclops
  8570 | D:8      | Killed a cyclops
  8571 | D:8      | Reached XP level 10. HP: 49/77 MP: 17/17
  8615 | D:8      | HP: 1/77 [something (9)]
  8615 | D:8      | Slain by an unseen horror

Illustrated notes

Levels and vault maps discovered:
D:1:      dpeg_arrival_castle, layout_basic
D:2:      layout_basic, shapermc_ecumenical_altar_venn, serial_shops,
          nicolae_shop_waterfront, minmay_distorted, uniq_robin
D:3:      layout_loops_ring
D:4:      layout_rooms, minmay_temple_entry_mini_moons, gammafunk_ghost_split
D:5:      layout_loops_corners, corner_web_ring, uniq_crazy_yiuf_cottage
D:6:      layout_loops_ring, serial_shops, nicolae_shop_advertising_works
          [nicolae_subvault_shop_adworks], hangedman_decor_clover_reticule,
          kennysheep_big_empty_room, minmay_misc_feat_tower
D:7:      layout_loops_corners, enter_bailey_8
D:8:      minmay_the_grid_square_5x5_3x3
          [minmay_the_grid_square_5x5_three_small,
          minmay_the_grid_square_5x5_inset, minmay_the_grid_square_5x5_dogpile,
          minmay_the_grid_square_5x5_hollow_slash,
          minmay_the_grid_square_5x5_megaprize_open,
          minmay_the_grid_square_5x5_c, minmay_the_grid_square_5x5_doubleslash,
          minmay_the_grid_square_5x5_one_wall,
          minmay_the_grid_square_5x5_broken_cross], layout_layer_cave,
          xom_teletrap_fun, gammafunk_temple_overflow_forgotten, serial_rivers,
          chequers_serial_rivers_marsh, chequers_serial_rivers_micro_c,
          chequers_serial_rivers_small_b, chequers_serial_rivers_micro_d,
          chequers_serial_rivers_marsh, hangedman_ranch, uniq_grum,
          uniq_gastronok
Temple:   dpeg_five_rooms_temple

Skill      XL: |  1  2  3  4  5  6  7  8  9 |
---------------+----------------------------+-----
Stealth        | 6 7 |  7.8
Invocations    | 1 2 3 4 5 |  5.3
Short Blades   | 1 2 4 |  4.9
Long Blades    | 1 2 4 |  4.9
Axes           | 1 2 4 |  4.9
Maces & Flails | 1 2 4 |  4.9
Polearms       | 1 2 4 |  4.9
Staves         | 1 2 4 |  4.9
Slings         | 1 2 4 |  4.9
Throwing       | 1 2 4 |  4.9
Armour         | 1 2 4 |  4.9
Dodging        | 1 2 4 |  4.9
Shields        | 1 2 4 |  4.9
Unarmed Combat | 1 2 4 |  4.9
Spellcasting   | 1 2 4 |  4.9
Evocations     | 1 2 4 |  4.9
Conjurations   | 1 2 3 4 |  4.0
Hexes          | 1 2 3 4 |  4.0
Summonings     | 1 2 3 4 |  4.0
Necromancy     | 1 2 3 4 |  4.0
Translocations | 1 2 3 4 |  4.0
Transmutations | 1 2 3 4 |  4.0
Fire Magic     | 1 2 3 4 |  4.0
Ice Magic      | 1 2 3 4 |  4.0
Air Magic      | 1 2 3 4 |  4.0
Earth Magic    | 1 2 3 4 |  4.0
Poison Magic   | 1 2 3 4 |  4.0
Bows           | 3 4 5 |  5.6
Fighting       | 5 6 |  6.7
Crossbows      | 9 |  9.9

Action                   |  1- 3 |  4- 6 |  7- 9 | 10-12 || total
-------------------------+-------+-------+-------+-------++-------
Melee: Great sword       |       |    27 |    78 |    10 ||   115
       Bite              |       |     2 |     1 |       ||     3
 Fire: Hand crossbow     |    87 |   102 |       |       ||   189
  Use: Scroll            |     5 |     9 |     3 |       ||    17
       Potion            |       |       |     3 |     1 ||     4
 Stab: Sleeping          |       |     1 |     7 |       ||     8
Armor: Leather armour    |     2 |       |       |       ||     2
       Ring mail         |     8 |    32 |     9 |       ||    49
       Plate armour      |       |       |    70 |    40 ||   110
Dodge: Dodged            |    12 |    44 |    54 |     2 ||   112
Block: Other             |       |       |    23 |     2 ||    25
       Reflection        |       |       |     4 |       ||     4

Table legend: (Time is in decaauts)
 A = Elapsed time spent in this place.
 B = Non-inter-level travel time spent in this place.
 C = Inter-level travel time spent in this place.
 D = Time resting spent in this place.
 E = Time spent auto-exploring this place.
 F = Levels seen in this place.
 G = Mean time per level.
                   A        B        C        D        E       F      G
               +--------+--------+--------+--------+--------+-----+--------+
         Total |   8733 |   8284 |    449 |   1795 |   5271 |   9 |  970.3 |
       Dungeon |   8596 |   8198 |    398 |   1795 |   5201 |   8 | 1074.5 |
        Temple |    137 |     86 |     51 |      0 |     70 |   1 |  137.0 |
               +--------+--------+--------+--------+--------+-----+--------+

Top non-repeatable levels by time:
     D:7: 1990 daAuts
     D:2: 1397 daAuts
     D:5: 1373 daAuts
     D:4: 1165 daAuts
     D:1: 856 daAuts
     D:6: 758 daAuts
     D:3: 630 daAuts
     D:8: 425 daAuts
  Temple: 137 daAuts
